 Dungeon Crawl Stone Soup version 0.29-a0-322-g68df515428 (webtiles) character file.

Game seed: 5696290315610424511

18 GigaChad the Skirmisher (level 2, -5/27 HPs)
             Began as a Draconian Chaos Knight on Apr 7, 2022.
             Was a Follower of Kikubaaqudgha.
             Slain by a scorpion (9 damage)
             ... on level 2 of the Dungeon.
             The game lasted 00:04:10 (1403 turns).

GigaChad the Skirmisher (Draconian Chaos Knight)    Turns: 1403, Time: 00:04:11

Health: -5/27      AC:  4    Str: 14    XL:     2   Next: 51%
Magic:  2/2        EV: 12    Int: 12    God:    Kikubaaqudgha [*.....]
Gold:   117        SH:  0    Dex: 10    Spells: 1/1 levels left

rFire   . . .      SeeInvis .   a - +0 falchion (chaos)
rCold   . . .      Faith    .   (no shield)
rNeg    . . .      Spirit   .   (body armour unavailable)
rPois   .          Reflect  .   (helmet restricted)
rElec   .          Harm     .   (no cloak)
rCorr   .          Rampage  .   (no gloves)
Will    .....                   (no boots)
Stlth   +.........              (no amulet)
HPRegen 0.09/turn               (no ring)
MPRegen 0.08/turn               (no ring)

@: lethally poisoned (-5 -> -7)
A: AC +4, unfitting armour, cold-blooded
a: Renounce Religion, Receive Corpses


You were on level 2 of the Dungeon.
You worshipped Kikubaaqudgha.
Kikubaaqudgha was aware of your devotion.
You visited 1 branch of the dungeon, and saw 2 of its levels.

You collected 117 gold pieces.

Inventory:

Hand Weapons
 a - a +0 falchion of chaos (weapon)
Missiles
 i - 4 javelins
Armour
 c - a +0 plate armour
Scrolls
 d - a scroll of enchant armour {unknown}
Potions
 e - a potion of lignification
 f - 2 potions of cancellation {unknown}
 g - 2 potions of berserk rage {unknown}
 h - 2 potions of degeneration {unknown}
 j - a potion of attraction {unknown}
Miscellaneous
 b - a piece from Xom's chessboard (15/15) (quivered)


   Skills:
 + Level 3.7 Fighting
 + Level 3.4 Long Blades
 + Level 2.2 Dodging
 + Level 0.2 Stealth


You had one spell level left.
You didn't know any spells.
Your spell library contained the following spells:

 Spells                   Type           Power      Damage    Failure   Level
 Animate Skeleton         Necr           0%         N/A       32%         1
 Pain                     Necr           0%         1d4       32%         1
 Sublimation of Blood     Necr           0%         N/A       45%         2
 Agony                    Necr           0%         N/A       100%        5


Dungeon Overview and Level Annotations

Branches:
Dungeon (2/15)

Altars:
Kikubaaqudgha


Innate Abilities, Weirdness & Mutations

Your plain brown scales are hard. (AC +4)
You cannot fit into any form of body armour.
You are cold-blooded and may be slowed by cold attacks.


Message History

You barely miss the frilled lizard. The scorpion closely misses you.
The frilled lizard closely misses you. The scorpion completely misses you.
You closely miss the frilled lizard. The scorpion misses you.
The frilled lizard bites you but does no damage.
You closely miss the frilled lizard. The scorpion misses you.
The frilled lizard barely misses you. The scorpion barely misses you.
You slash the frilled lizard!
You kill the frilled lizard!
Kikubaaqudgha accepts your kill. The scorpion closely misses you.
The scorpion closely misses you.
You closely miss the scorpion. The scorpion closely misses you.
The scorpion stings you.
You are poisoned.
The scorpion poisons you!
You hit the scorpion. You burn the scorpion.
The scorpion is lightly wounded.
You feel very sick.
The scorpion stings you but does no damage.
You closely miss the scorpion.
The scorpion is lightly wounded.
You feel very sick. The scorpion closely misses you. The scorpion stings you.
You hit the scorpion but do no damage.
The scorpion suddenly seems more agile.
The scorpion is lightly wounded.
You feel sick. The scorpion closely misses you.
You barely miss the scorpion.
You tail-slap the scorpion, but do no damage.
The scorpion is lightly wounded.
You feel sick.
The scorpion stings you but does no damage.
You hit the scorpion but do no damage.
The scorpion flickers and vanishes!
Deactivating autopickup; reactivate with Ctrl-A.
You feel sick. Something stings you. Something barely misses you.
You hit something.
Your tail-slap misses something.
You feel sick. Something stings you.
* * * LOW HITPOINT WARNING * * *
You hit something.
You feel sick. Something stings you!
You die...
Kikubaaqudgha rasps: "You have failed me!
Welcome... death!"

..... #..# #.#.# #.## ##.... #
#.# ##..#.#... #....###.###
#.# ........ +.......l..# #.#
.......# #........# #.#
#..#.#.### +....# #.#
#........# #....##### #.#
##.##.#...# #..{@....# #.#
......#...####.......# #.#
.....................#######.#
.#.....#.....#.......#.......#
.#...##.###.#.##...<.#.#####.#
....##.8.###.8.##.##.#.# ###
#††####.#.###.####.....#
#..#.###.#.###♣#.#...###
#.#.⌠.# # ⌠.# #.⌠.#..#


There were no monsters in sight!

Vanquished Creatures
  An endoplasm (D:2)
  A hobgoblin (D:1)
  4 jackals (D:2)
  3 ball pythons
  A bat (D:1)
  3 frilled lizards
  2 goblins
  A kobold (D:1)
  2 rats
18 creatures vanquished.

Notes
Turn   | Place    | Note
-------+----------+-------------------------------------------
     0 | D:1      | GigaChad the Draconian Chaos Knight began the quest for the
                  | Orb.
     0 | D:1      | Reached XP level 1. HP: 19/19 MP: 1/1
   325 | D:1      | XOM: silly message
   420 | D:1      | XOM: god gift: 29 gold pieces
   550 | D:1      | Found a faded altar of an unknown god.
   554 | D:1      | Prayed at the altar of an unknown god.
   554 | D:1      | Fell from the grace of Xom
   554 | D:1      | Became a worshipper of Kikubaaqudgha
   554 | D:1      | Reached * piety under Kikubaaqudgha
   554 | D:1      | Received a gift from Kikubaaqudgha
  1016 | D:2      | Reached XP level 2. HP: 26/26 MP: 2/2
  1382 | D:2      | Noticed a scorpion
  1403 | D:2      | Slain by a scorpion

Illustrated notes

Levels and vault maps discovered:
D:1:      dpeg_arrival_brainrot, layout_loops_ring,
          shapermc_ecumenical_altar_mp_vishouse
D:2:      layout_basic, grunt_decor_mini_mirrors, uniq_jessica

Action                   || total
-------------------------++-------
Melee: Falchion          ||    55
       Tailslap          ||     2
  Use: Scroll            ||     4
Armor: Skin              ||    20
Dodge: Dodged            ||    51

Table legend: (Time is in decaauts)
 A = Elapsed time spent in this place.
 B = Non-inter-level travel time spent in this place.
 C = Inter-level travel time spent in this place.
 D = Time resting spent in this place.
 E = Time spent auto-exploring this place.
 F = Levels seen in this place.
 G = Mean time per level.
                   A        B        C        D        E       F      G
               +--------+--------+--------+--------+--------+-----+--------+
         Total |   1410 |   1382 |     28 |      0 |    764 |   2 |  705.0 |
       Dungeon |   1410 |   1382 |     28 |      0 |    764 |   2 |  705.0 |
               +--------+--------+--------+--------+--------+-----+--------+

Top non-repeatable levels by time:
     D:1: 967 daAuts
     D:2: 443 daAuts
